 Dungeon Crawl Stone Soup version 0.20-a0-1116-gaa52201 (webtiles) character file.

563 FastMan the Cleaver (level 7, 0/64 HPs)
             Began as a Minotaur Berserker on May 7, 2017.
             Was a Priest of Trog.
             Slain by Grinder (6 damage)
             ... on level 5 of the Dungeon.
             The game lasted 00:02:08 (2837 turns).

FastMan the Cleaver (Minotaur Berserker)            Turns: 2837, Time: 00:02:09

Health: 0/64       AC:  7    Str: 23    XL:     7   Next: 10%
Magic:  6/6        EV: 10    Int:  4    God:    Trog [***...]
Gold:   214        SH:  0    Dex: 10    Spells: 6/6 levels left

rFire    . . .     SeeInvis .   n - +0 broad axe
rCold    . . .     Gourm    .   (no shield)
rNeg     . . .     Faith    .   p - +1 scale mail {rPois}
rPois    +         Spirit   .   (helmet restricted)
rElec    .         Reflect  .   (no cloak)
rCorr    .         Harm     .   (no gloves)
MR       ++...                  (no boots)
Stlth    ..........             (no amulet)
Regen    1.2/turn               (no ring)
MPRegen  0.1/turn               (no ring)

@: very slightly contaminated, regenerating, slowed, very slow
A: retaliatory headbutt, horns 2
a: Berserk, Trog's Hand, Burn Spellbooks, Renounce Religion


You were on level 5 of the Dungeon.
You worshipped Trog.
Trog was most pleased with you.
You were near starving.

You visited 1 branch of the dungeon, and saw 5 of its levels.

You collected 214 gold pieces.

Inventory:

Hand Weapons
 a - a +0 hand axe
 n - a +0 broad axe (weapon)
Armour
 b - a +0 animal skin
 p - a +1 scale mail of poison resistance (worn)
Jewellery
 v - a cursed ring of teleportation {unknown}
 w - an uncursed amulet of regeneration {unknown}
Scrolls
 e - 2 scrolls of noise {unknown}
 f - 4 scrolls of identify {unknown}
 h - 2 scrolls of remove curse {@r2}
 i - a scroll of amnesia {unknown}
 l - a scroll of blinking {@r4}
 q - a scroll of random uselessness {unknown}
 t - a scroll of enchant weapon {unknown}
 u - a scroll of immolation {unknown}
Potions
 d - a potion of invisibility {unknown}
 g - 4 potions of flight {unknown}
 j - a potion of magic {unknown}
 k - 3 potions of curing {@q1}
 r - 2 potions of lignification {unknown}
Comestibles
 c - 3 bread rations {@e1}
 m - a chunk of flesh
 o - a royal jelly {@e3}
 s - 5 fruits {@e4}


   Skills:
 + Level 6.4 Fighting
 * Level 8.2 Axes
 - Level 2.4 Armour
 - Level 2.1 Dodging


You had 6 spell levels left.
You didn't know any spells.

Dungeon Overview and Level Annotations

Branches:
Dungeon (5/15)
 Temple: D:4-7

Altars:
Ashenzari
Gozag
Okawaru
Qazlal
Wu Jian

Annotations:
D:5 Grinder, Prince Ribbit


Innate Abilities, Weirdness & Mutations

You reflexively headbutt those who attack you in melee.
You have a pair of horns on your head.


Message History

You struggle to resist.
Grinder hits you.
* * * LOW HITPOINT WARNING * * *
You writhe in agony.
* * * LOW HITPOINT WARNING * * *
Grinder hits you.
* * * LOW HITPOINT WARNING * * *
You writhe in agony.
* * * LOW HITPOINT WARNING * * *
Grinder gestures at you.
You shrug off the repeated paralysis!
You can move again.
Unknown command.
Unknown command.
Unknown command.
Unknown command.
Your skin crawls.
You feel resistant to hostile enchantments.
You feel somewhat more hungry. Grinder hits you.
You die...

# #......# # #......#
#......# #......#
#......#
#######'###########
..........)........
#######.#############
#.............@....#
#.####.#####.#5###....
#.# #.#.# # #.#
#.#.### #.# #.....#
#.# ###.#.# #.#
#.#.###### #.
#####........#
..(......###.#


You could see Grinder.

Vanquished Creatures
  Sigmund (D:5)
  A centaur (D:5)
  A howler monkey (D:4)
  2 hounds
  A bullfrog skeleton (D:5)
  A worker ant (D:4)
  A hound skeleton (D:5)
  7 adders
  An ooze (D:1)
  An adder skeleton (D:3)
  2 worms (D:4)
  2 dart slugs
  3 leopard geckos
  8 orcs
  5 giant cockroaches
  4 goblins
  8 hobgoblins
  3 jackals (D:3)
  2 quokkas
  7 bats
  7 frilled lizards
  5 kobolds
  A leopard gecko skeleton (D:4)
  7 rats
81 creatures vanquished.

Notes
Turn   | Place    | Note
-------+----------+-------------------------------------------
     0 | D:1      | FastMan the Minotaur Berserker began the quest for the Orb.
     0 | D:1      | Reached XP level 1. HP: 19/19 MP: 0/0
   196 | D:1      | Reached skill level 4 in Axes
   210 | D:1      | Reached XP level 2. HP: 26/27 MP: 1/1
   680 | D:2      | Reached XP level 3. HP: 31/33 MP: 2/2
   852 | D:2      | Found an ornate altar of the Wu Jian Council.
  1055 | D:2      | Reached ** piety under Trog
  1055 | D:2      | Reached skill level 5 in Axes
  1270 | D:3      | Reached XP level 4. HP: 35/41 MP: 3/3
  1523 | D:3      | Reached skill level 5 in Fighting
  1695 | D:3      | Found a faded altar of an unknown god.
  1695 | D:3      | Found a shattered altar of Ashenzari.
  1706 | D:3      | Found an iron altar of Okawaru.
  1711 | D:3      | Found a faded altar of an unknown god.
  1713 | D:3      | Found an opulent altar of Gozag.
  1901 | D:4      | Reached XP level 5. HP: 46/48 MP: 4/4
  1917 | D:4      | Reached skill level 6 in Axes
  2196 | D:4      | Found a stormy altar of Qazlal.
  2513 | D:5      | Entered Level 5 of the Dungeon
  2549 | D:5      | Noticed Sigmund
  2556 | D:5      | Killed Sigmund
  2556 | D:5      | Reached *** piety under Trog
  2556 | D:5      | Reached skill level 7 in Axes
  2556 | D:5      | Reached XP level 6. HP: 52/57 MP: 5/5
  2786 | D:5      | Reached skill level 8 in Axes
  2786 | D:5      | Reached XP level 7. HP: 47/64 MP: 6/6
  2798 | D:5      | Noticed Prince Ribbit
  2808 | D:5      | Noticed Grinder
  2830 | D:5      | Paralysed by Grinder for 7 turns
  2837 | D:5      | Slain by Grinder

Vault maps used:
D:1:      ncdulo_halloftheorcs, serial_bayou_pond_a
D:2:      nicolae_overflow_crystal_walls, first_bread, minmay_heptomino_l4
D:3:      chequers_temple_overflow_minitemple, serial_bayou_pond_e,
          bh_walls_and_bars
D:4:      grunt_qazlal_clouds, glass_columns_b, st_stairs_14
D:5:      yredelemnul_altar_generic, kennysheep_mini, fedhas_altar_3,
          uniq_grinder, uniq_prince_ribbit1, uniq_sigmund, uniq_pikel

Skill      XL: |  1  2  3  4  5  6 |
---------------+-------------------+-----
Axes           | 4 5 7 8 |  8.2
Fighting       | 4 5 6 |  6.4
Armour         | |  2.4
Dodging        | |  2.1

Action                   |  1- 3 |  4- 6 |  7- 9 || total
-------------------------+-------+-------+-------++-------
Melee: Hand axe          |    81 |     6 |       ||    87
       Headbutt          |    13 |    18 |     3 ||    34
       Broad axe         |       |    89 |    10 ||    99
Invok: Berserk           |       |     1 |     1 ||     2
       Trog's Hand       |       |       |     2 ||     2
  Use: Scroll            |       |       |     2 ||     2
       Potion            |       |       |     1 ||     1
 Stab: Sleeping          |     1 |       |       ||     1
  Eat: Chunk             |     1 |     6 |       ||     7
Armor: Animal skin       |     8 |     3 |       ||    11
       Scale mail        |       |    50 |     4 ||    54
Dodge: Dodged            |    58 |    43 |     8 ||   109
